 Dungeon Crawl Stone Soup version 0.29-a0-841-g116ddc6ace (webtiles) character file.

Game seed: 3057196071429639717

144 ZappyNine the Ogre Mage (level 5, -2/50 HPs)
             Began as an Ogre Venom Mage on July 7, 2022.
             Killed by divine providence
             ... invoked by an orc priest
              (13 damage)
             ... on level 4 of the Dungeon on July 14, 2022.
             The game lasted 00:06:49 (4677 turns).

ZappyNine the Ogre Mage (Ogre Venom Mage)           Turns: 4677, Time: 00:06:49

Health: -2/50      AC:  3    Str: 12    XL:     5   Next: 27%
Magic:  1/10       EV:  9    Int: 18    God:
Gold:   131        SH:  0    Dex:  9    Spells: 5/11 levels left

rFire   . . .      SeeInvis .   d - +0 dagger
rCold   . . .      Faith    .   (no shield)
rNeg    . . .      Spirit   .   a - +0 robe
rPois   .          Reflect  .   (helmet restricted)
rElec   .          Harm     .   (no cloak)
rCorr   .          Rampage  .   (gloves unavailable)
Will    .....                   (boots unavailable)
Stlth   +.........              (no amulet)
HPRegen 0.16/turn               (no ring)
MPRegen 0.12/turn               (no ring)

@: very slightly contaminated
A: large, unfitting armour, tough skin 1
a: no special abilities


You were on level 4 of the Dungeon.
You visited 1 branch of the dungeon, and saw 4 of its levels.

You collected 131 gold pieces.

Inventory:

Hand Weapons
 d - a +0 dagger (weapon)
Missiles
 h - 2 throwing nets
Armour
 a - a +0 robe (worn)
Jewellery
 i - a ring of see invisible
 j - a ring of protection from cold
 l - an amulet of faith
 m - an amulet of reflection
Scrolls
 c - 7 scrolls of identify {unknown}
 f - 2 scrolls of fog {unknown}
 g - a scroll of brand weapon {unknown}
 k - a scroll of noise {unknown}


   Skills:
 + Level 2.7 Fighting
 - Level 1.7 Dodging
 - Level 1.4 Stealth
 + Level 3.5 Spellcasting
 - Level 0.8 Transmutations
 - Level 2.2 Air Magic
 + Level 3.4 Poison Magic


You had 5 spell levels left.
You knew the following spells:

 Your Spells              Type           Power      Damage    Failure   Level
a - Sting                 Tmut/Pois      40%        1d5       6%          1
b - Poisonous Vapours     Pois/Air       26%        N/A       8%          2
c - Mephitic Cloud        Conj/Pois/Air  9%         N/A       22%         3

Your spell library contained the following spells:

 Spells                   Type           Power      Damage    Failure   Level
 Olgreb's Toxic Radiance  Pois           15%        N/A       36%         4
 Dispersal                Tloc           1%         N/A       100%        6
 Disjunction              Tloc           1%         N/A       100%        8


Dungeon Overview and Level Annotations

Branches:
Dungeon (3/15)

Altars:

Shops:
D:1 [


Innate Abilities, Weirdness & Mutations

You are too large for most types of armour.
You have tough skin. (AC +1)


Message History

You bump into the rock wall.
You are engulfed in noxious fumes.
You choke on the stench!
You are more confused.
The orc is engulfed in noxious fumes.
The orc appears confused.
The orc is engulfed in noxious fumes.
The orc appears confused.
You feel a bit more experienced.
You bump into the rock wall.
The orc mumbles something.
You feel less confused.
You start resting.
An orc priest is nearby!
Casting: Mephitic Cloud (dangerous; 22% risk of failure)
Confirm with . or Enter, or press ? or * to list all spells.
You don't have enough magic to cast this spell.
Unknown command.
Unknown command.
Casting: Mephitic Cloud (dangerous; 22% risk of failure)
Confirm with . or Enter, or press ? or * to list all spells.
Aiming: Sting (safe; 6% risk of failure)
Press: ? - help, Shift-Dir - straight line, f/p - orc priest
Aim: an orc priest, wielding a +0 club and wearing a +0 leather armour (heavily wounded, poisoned, 71% to hit)
The sting hits the orc priest.
The orc priest looks even sicker.
The orc priest is severely wounded.
The orc priest begins to cast a cantrip, but forgets the words!
Unknown command.
Unknown command.
Unknown command.
Casting: Sting (safe; 6% risk of failure)
Confirm with . or Enter, or press ? or * to list all spells.
You don't have enough magic to cast this spell.
Unknown command.
You hit the orc priest.
The orc priest is lightly wounded.
The orc priest closely misses you.
The orc priest hits you but does no damage.
The orc priest attacks as you move away!
The orc priest barely misses you.
The orc priest invokes the aid of Beogh against you.
Beogh smites you!
You die...

##### ####...# ##
.##..#'# ###.##
....##.## #######....#
>..##...###....##....#
#'##.....##'##.......#
...##...##...###@....#
....##.##.....##..o..#
.....#'#...8...#o#...#
...†##.##.....##.##..##
...##...##...##.o.##..#
#'##..÷..##'##...).'..#
...##...##..o##...##..#
....##.##.....##.## .#
.....'''...♣...''# #


You could see 2 orc priests and an orc (confused).

Vanquished Creatures
  A howler monkey (D:4)
  3 adders
  2 worms (D:2)
  An orc (D:4)
  6 bats
  6 endoplasms
  3 giant cockroaches
  5 goblins
  8 hobgoblins
  7 jackals
  A quokka (D:1)
  8 ball pythons
  3 frilled lizards
  7 kobolds
  7 rats
68 creatures vanquished.

Vanquished Creatures (others)
  2 plants (D:1)
2 creatures vanquished.

Grand Total: 70 creatures vanquished

Notes
Turn   | Place    | Note
-------+----------+-------------------------------------------
     0 | D:1      | ZappyNine the Ogre Venom Mage began the quest for the Orb.
     0 | D:1      | Reached XP level 1. HP: 16/16 MP: 3/3
   244 | D:1      | Reached skill level 1 in Fighting
   299 | D:1      | Reached XP level 2. HP: 25/27 MP: 3/5
   326 | D:1      | Learned a level 2 spell: Poisonous Vapours
   367 | D:1      | Found Gopaod's Antique Armour Shoppe.
  1057 | D:1      | Reached XP level 3. HP: 24/35 MP: 1/7
  1061 | D:1      | Learned a level 3 spell: Mephitic Cloud
  1526 | D:2      | Reached skill level 1 in Air Magic
  2242 | D:2      | Reached XP level 4. HP: 42/42 MP: 5/8
  2862 | D:2      | Upgraded the game from 0.29-a0-821-g66395355a5 to
                  | 0.29-a0-841-g116ddc6ace
  4250 | D:3      | You fall into a shaft and drop 1 floor!
  4626 | D:4      | Reached XP level 5. HP: 13/50 MP: 1/10
  4677 | D:4      | Killed from afar by an orc priest

Illustrated notes

Levels and vault maps discovered:
D:1:      eino_arrival_druids_welcome, layout_loops_cross, serial_shops,
          nicolae_shop_crystal
D:2:      layout_loops_ring, serial_forest, infiniplex_forest_clump_small,
          infiniplex_forest_end_1, infiniplex_forest_split,
          infiniplex_forest_lined_corner, infiniplex_forest_lined_room_3,
          infiniplex_forest_end_1, minmay_misc_feat_more_columns
D:3:      layout_basic, kennysheep_okawaru_gauntlet
D:4:      layout_cave_pods, nicolae_qazlal_general_emergency,
          nicolae_kite_square_tiling_tiny, grunt_decor_arrowhead,
          nicolae_hexahallways

Skill      XL: |  1  2  3  4 |
---------------+-------------+-----
Fighting       | 1 2 |  2.7
Poison Magic   | 3 |  3.4
Spellcasting   | 3 |  3.5
Air Magic      | 1 2 |  2.2
Dodging        | |  1.7
Stealth        | |  1.4
Transmutations | |  0.8

Action                   |  1- 3 |  4- 6 || total
-------------------------+-------+-------++-------
Melee: Unarmed           |    35 |       ||    35
       Dagger            |   159 |   105 ||   264
       Punch             |       |     1 ||     1
 Cast: Sting             |    16 |    15 ||    31
       Poisonous Vapours |    20 |    26 ||    46
       Mephitic Cloud    |       |     4 ||     4
  Use: Potion            |       |     2 ||     2
 Stab: Sleeping          |     2 |       ||     2
       Confused          |       |     2 ||     2
Armor: Robe              |    90 |    18 ||   108
Dodge: Dodged            |   114 |    44 ||   158

Table legend: (Time is in decaauts)
 A = Elapsed time spent in this place.
 B = Non-inter-level travel time spent in this place.
 C = Inter-level travel time spent in this place.
 D = Time resting spent in this place.
 E = Time spent auto-exploring this place.
 F = Levels seen in this place.
 G = Mean time per level.
                   A        B        C        D        E       F      G
               +--------+--------+--------+--------+--------+-----+--------+
         Total |   4676 |   4627 |     49 |   1408 |   2463 |   4 | 1169.0 |
       Dungeon |   4676 |   4627 |     49 |   1408 |   2463 |   4 | 1169.0 |
               +--------+--------+--------+--------+--------+-----+--------+

Top non-repeatable levels by time:
     D:2: 1868 daAuts
     D:1: 1614 daAuts
     D:3: 767 daAuts
     D:4: 426 daAuts
